 Dungeon Crawl Stone Soup version 0.29.0-10-g45618ea6d2 (webtiles) character file.

Game seed: 2453332841674006353

2289 voltaire321 the Sneak (level 9, -25/52 HPs)
             Began as a Kobold Enchanter on Sept 2, 2022.
             Was a Follower of Wu Jian.
             Annihilated by a two-headed ogre
             ... wielding a +0 giant spiked club
              (29 damage)
             ... on level 8 of the Dungeon.
             The game lasted 00:16:07 (6933 turns).

voltaire321 the Sneak (Kobold Enchanter)            Turns: 6933, Time: 00:16:08

Health: -25/52     AC:  7    Str:  5    XL:     9   Next: 66%
Magic:  8/16       EV: 17    Int: 16    God:    Wu Jian [*.....]
Gold:   1248       SH:  6    Dex: 20    Spells: 9/17 levels left

rFire   . . .      SeeInvis .   s - +3 short sword (protect)
rCold   . . .      Faith    .   p - +0 buckler
rNeg    . . .      Spirit   .   h - +2 robe {Archmagi}
rPois   .          Reflect  .   D - +0 helmet
rElec   .          Harm     .   (no cloak)
rCorr   .          Rampage  .   (no gloves)
Will    .....      Archmagi +   k - +1 pair of boots
Stlth   +++++.....              m - amulet of the acrobat
HPRegen 0.17/turn               (no ring)
MPRegen 0.15/turn               (no ring)

@: no status effects
A: small, no large weapons, nightstalker 3
a: Renounce Religion


You were on level 8 of the Dungeon.
You worshipped Wu Jian.
Wu Jian was aware of your devotion.
You visited 1 branch of the dungeon, and saw 8 of its levels.

You collected 1248 gold pieces.

Inventory:

Hand Weapons
 a - a +1 dagger
 i - a +0 rapier of electrocution
 s - a +3 short sword of protection (weapon)
Missiles
 d - 8 boomerangs (quivered)
Armour
 h - a +2 robe of the Archmagi (worn)
 k - a +1 pair of boots (worn)
 p - a +0 buckler (worn)
 D - a +0 helmet (worn)
Jewellery
 m - an amulet of the acrobat (around neck)
 o - a +6 ring of strength
Wands
 w - a wand of acid (23)
 y - a wand of flame (14)
 C - a wand of charming (13)
Scrolls
 b - 3 scrolls of teleportation
 e - 3 scrolls of butterflies
 f - a scroll of brand weapon
 g - 2 scrolls of identify
 x - a scroll of immolation {unknown}
 E - a scroll of silence
 G - 2 scrolls of fear
Potions
 c - 2 potions of invisibility
 j - 4 potions of flight {unknown}
 l - a potion of ambrosia
 n - 3 potions of haste {unknown}
 q - a potion of curing {unknown}
 r - a potion of degeneration {unknown}
 v - a potion of magic {unknown}
 z - 4 potions of lignification
 A - 2 potions of resistance {unknown}
 B - a potion of mutation {unknown}
 H - a potion of might {unknown}


   Skills:
 + Level 4.6 Fighting
 + Level 5.6 Short Blades
 + Level 5.7 Dodging
 + Level 7.3 Stealth
 + Level 3.0 Shields
 + Level 4.8 Spellcasting
 + Level 5.2 Hexes
 + Level 4.3 Ice Magic


You had 9 spell levels left.
You knew the following spells:

 Your Spells              Type           Power      Damage    Failure   Level
a - Ensorcelled Hibernat  Hex/Ice        56%        N/A       4%          2
b - Tukima's Dance        Hex            30%        N/A       8%          3
c - Confusing Touch       Hex            30%        N/A       8%          3

Your spell library contained the following spells:

 Spells                   Type           Power      Damage    Failure   Level
 Dazzling Flash           Conj/Hex       36%        N/A       24%         3
 Static Discharge         Conj/Air       5%         3-4/arc   34%         2
 Dispel Undead            Necr           5%         3d7       92%         4
 Sticky Flame             Conj/Fire      5%         2d3       92%         4


Dungeon Overview and Level Annotations

Branches:
Dungeon (8/15)             Temple (0/1) D:6
   Lair: D:8-11

Altars:
Hepliaklqana
Makhleb
Nemelex Xobeh
Qazlal
Ru
Wu Jian
Yredelemnul
The Shining One

Shops:
D:2 =   D:6 *

Annotations:
D:5 2 transporters, lotum's ghost, weakling MeDe
D:8 Erica; Maurice


Innate Abilities, Weirdness & Mutations

You are small and have problems with some larger weapons.
You are completely attuned to the shadows.


Message History

Found a robe and 3 stones.
Erica the Fiery-Tempered comes into view.
She is wielding a +3 scimitar of flaming and carrying a wand of polymorph (12).
The two-headed ogre shouts in stereo!
You hear a shout! x2; You hear a croak.
You hear a shout!
You hear a shout!
Casting: Ensorcelled Hibernation (safe; 4% risk of failure)
Confirm with . or Enter, or press ? or * to list all spells.
Aiming: Ensorcelled Hibernation (safe; 4% risk of failure)
Press: ? - help, Shift-Dir - straight line, f - two-headed ogre
Aim: a two-headed ogre, wielding a +0 giant spiked club and a +0 giant club (chance to affect: 41%)
You feel a surge of power!
The two-headed ogre resists with some effort.
Casting: Ensorcelled Hibernation (safe; 4% risk of failure)
Confirm with . or Enter, or press ? or * to list all spells.
Aiming: Ensorcelled Hibernation (safe; 4% risk of failure)
Press: ? - help, Shift-Dir - straight line, f/p - two-headed ogre
Aim: a two-headed ogre, wielding a +0 giant spiked club and a +0 giant club (chance to affect: 41%)
You feel a surge of power!
The two-headed ogre resists with some effort.
The two-headed ogre hits you with a +0 giant spiked club!!
You block the two-headed ogre's attack.
Casting: Ensorcelled Hibernation (safe; 4% risk of failure)
Confirm with . or Enter, or press ? or * to list all spells.
Aiming: Ensorcelled Hibernation (safe; 4% risk of failure)
Press: ? - help, Shift-Dir - straight line, f/p - two-headed ogre
Aim: a two-headed ogre, wielding a +0 giant spiked club and a +0 giant club (chance to affect: 41%)
You feel a surge of power!
The two-headed ogre resists with some effort.
Casting: Ensorcelled Hibernation (safe; 4% risk of failure)
Confirm with . or Enter, or press ? or * to list all spells.
Aiming: Ensorcelled Hibernation (safe; 4% risk of failure)
Press: ? - help, Shift-Dir - straight line, f/p - two-headed ogre
Aim: a two-headed ogre, wielding a +0 giant spiked club and a +0 giant club (chance to affect: 41%)
You feel a surge of power!
The two-headed ogre resists with some effort.
The two-headed ogre hits you with a +0 giant spiked club!
* * * LOW HITPOINT WARNING * * *
The two-headed ogre hits you with a +0 giant club!!
Ouch! That really hurt!
You die...

.......###..............
.[.....# #....#....J....
.##..### #....#J.......@
##..## #....#.........
.......##
#####....<.....
...##...# #..........
#...##..# ............
###.......###
.####.####.##
.........O@.# #.# .#
..........#....
..........##... #. .
.......)..# .## ###.#.
.#.......... . ...K..
#..@....... ..!K..
........K[. .?.K<.
.(......# ....#. .##. .


You could see a two-headed ogre.

Vanquished Creatures
  Prince Ribbit (D:5)
  Menkaure (D:7)
  A water moccasin (D:7)
  An orc warrior (D:7)
  A sky beast (D:7)
  A black bear (D:7)
  A centaur (D:7)
  An ogre (D:5)
  A kobold brigand (D:7)
  Blork the orc (D:4)
  4 bullfrogs
  2 necrophages
  2 scorpions
  3 killer bees
  A jelly (D:6)
  2 orc priests
  A gnoll bouda (D:7)
  A hound (D:5)
  Jessica (D:2)
  6 iguanas
  Terence (D:3)
  2 orc wizards
  4 gnolls (D:7)
  12 adders
  2 shadow imps (D:6)
  A white imp (D:7)
  3 ufetubi
  2 dart slugs
  14 orcs
  6 ball pythons
  2 bats (D:2)
  6 endoplasms
  4 giant cockroaches
  5 goblins
  5 hobgoblins
  8 jackals
  10 kobolds
  3 quokkas
  A frilled lizard (D:1)
  3 rats
127 creatures vanquished.

Notes
Turn   | Place    | Note
-------+----------+-------------------------------------------
     0 | D:1      | voltaire321 the Kobold Enchanter began the quest for the
                  | Orb.
     0 | D:1      | Reached XP level 1. HP: 10/10 MP: 3/3
   307 | D:1      | Reached XP level 2. HP: 16/16 MP: 5/5
   310 | D:1      | Learned a level 2 spell: Ensorcelled Hibernation
  1006 | D:2      | Reached XP level 3. HP: 20/20 MP: 6/6
  1020 | D:2      | Noticed Jessica
  1023 | D:2      | Killed Jessica
  1024 | D:2      | Reached skill level 1 in Fighting
  1154 | D:2      | Reached XP level 4. HP: 23/25 MP: 0/7
  1265 | D:2      | Reached skill level 1 in Ice Magic
  1449 | D:2      | Found Kofackofole's Jewellery Boutique.
  1463 | D:2      | Identified the amulet "Tianosto" {Spirit -Cast Rampage rC+}
  1823 | D:3      | Found a faded altar of an unknown god.
  2115 | D:3      | Reached XP level 5. HP: 25/29 MP: 9/9
  2247 | D:3      | Noticed Terence
  2255 | D:3      | Killed Terence
  2855 | D:4      | Reached XP level 6. HP: 35/35 MP: 5/10
  2976 | D:4      | Learned a level 3 spell: Tukima's Dance
  3037 | D:4      | Noticed Blork the orc
  3044 | D:4      | Killed Blork the orc
  3045 | D:4      | Reached skill level 5 in Stealth
  3216 | D:4      | Reached skill level 1 in Shields
  3253 | D:4      | Found a hazy altar of Hepliaklqana.
  3451 | D:5      | Entered Level 5 of the Dungeon
  3648 | D:5      | Found a transporter.
  3648 | D:5      | Found a transporter.
  3654 | D:5      | Noticed lotum's ghost (weakling MeDe)
  3655 | D:5      | Noticed a hornet
  3685 | D:5      | Reached XP level 7. HP: 40/40 MP: 11/11
  3704 | D:5      | Found a stormy altar of Qazlal.
  3800 | D:5      | Found an ornate altar of the Wu Jian Council.
  3805 | D:5      | Became a worshipper of the Wu Jian Council
  3849 | D:5      | Noticed Prince Ribbit
  3867 | D:5      | Killed Prince Ribbit
  4001 | D:5      | Reached XP level 8. HP: 30/46 MP: 6/13
  4497 | D:6      | Reached skill level 6 in Stealth
  4719 | D:6      | Found Lenwugg's Lightly-Used Armoury.
  4962 | D:6      | Found a glowing golden altar of the Shining One.
  5016 | D:6      | Found a staircase to the Ecumenical Temple.
  5072 | D:6      | Found a burning altar of Makhleb.
  5281 | D:6      | Found a basalt altar of Yredelemnul.
  5812 | D:7      | Identified a scroll of acquirement
  5812 | D:7      | Acquired 882 gold pieces
  5845 | D:7      | Reached skill level 5 in Dodging
  5851 | D:7      | Learned a level 3 spell: Confusing Touch
  5920 | D:7      | Reached XP level 9. HP: 52/52 MP: 15/15
  6202 | D:7      | Reached skill level 5 in Short Blades
  6239 | D:7      | Found a sparkling altar of Nemelex Xobeh.
  6279 | D:7      | Found a sacrificial altar of Ru.
  6515 | D:7      | Reached skill level 5 in Hexes
  6521 | D:7      | Reached * piety under Wu Jian
  6682 | D:7      | Noticed Menkaure
  6685 | D:7      | Reached skill level 7 in Stealth
  6685 | D:7      | Killed Menkaure
  6893 | D:8      | Noticed Maurice
  6919 | D:8      | Noticed a two-headed ogre
  6924 | D:8      | Noticed Erica
  6933 | D:8      | Annihilated by a two-headed ogre

Illustrated notes

Levels and vault maps discovered:
D:1:      minmay_arrival_four_circles, layout_basic, nicolae_figureground_pulse
D:2:      layout_basic, serial_shops, nicolae_shop_advertising_works
          [nicolae_subvault_shop_adworks], uniq_jessica
D:3:      layout_basic, hellmonk_ecumenical_altar_heavens_door, uniq_terence
D:4:      layout_loops_cross, amcnicky_altar_gilded, serial_glass,
          glass_columns_a, glass_columns_b, glass_columns_a, glass_columns_a,
          glass_columns_b, glass_columns_b, glass_columns_a, glass_columns_a,
          glass_columns_a, glass_columns_a, uniq_blork_the_orc
D:5:      layout_cave_pools, mainiacjoe_overflow_chevrons,
          nicolae_qazlal_scattered_showers, gammafunk_ghost_hive,
          kennysheep_generic_room_6, uniq_prince_ribbit1
D:6:      layout_cave_pools, nicolae_tso_carved_into_rock,
          nicolae_overflow_hidden_temple, bloody_makhleb, temple_statues,
          grunt_decor_mini_mirrors, minmay_shop_damaged
D:7:      layout_basic, nemelex_altar_shiori, mainiacjoe_overflow_alcove_4,
          mrwooster_statue_mirror, uniq_menkaure
D:8:      cheibrodos_helix_gallery, layout_rooms, nicolae_vehumet_altar_sigil,
          enter_bailey_7, kennysheep_small_circle, uniq_pikel, uniq_maurice,
          uniq_grum, uniq_maggie, uniq_erica, uniq_psyche

Skill      XL: |  1  2  3  4  5  6  7  8  9 |
---------------+----------------------------+-----
Fighting       | 1 2 3 4 |  4.6
Short Blades   | 2 3 4 5 |  5.6
Ice Magic      | 1 2 3 4 |  4.3
Dodging        | 3 4 5 |  5.7
Stealth        | 5 6 7 |  7.3
Spellcasting   | 3 4 |  4.8
Shields        | 1 2 3 |  3.0
Hexes          | 4 5 |  5.2

Action                   |  1- 3 |  4- 6 |  7- 9 || total
-------------------------+-------+-------+-------++-------
Melee: Dagger            |    70 |    73 |       ||   143
       Short sword       |       |    45 |   135 ||   180
       Punch             |       |     1 |       ||     1
 Cast: Ensorcelled Hiber |     7 |    17 |    28 ||    52
Invok: Lunge             |       |       |    24 ||    24
       Whirlwind         |       |       |     3 ||     3
  Use: Scroll            |       |       |    14 ||    14
 Stab: Sleeping          |    12 |    33 |    45 ||    90
       Distracted        |       |       |     2 ||     2
Armor: Robe              |    10 |    26 |    17 ||    53
Dodge: Dodged            |    48 |    69 |    78 ||   195
Block: Buckler           |       |       |    25 ||    25
